 Dungeon Crawl Stone Soup version 0.28-a0-750-g7c675f85b1 (webtiles) character file.

Game seed: 2610224122488014929

61128 flotson the Fighter (level 14, -8/111 HPs)
             Began as a Demonspawn Delver on Oct 29, 2021.
             Was an Initiate of Gozag.
             Mangled by a two-headed ogre (19 damage)
             ... on level 12 of the Dungeon.
             The game lasted 00:53:02 (21758 turns).

flotson the Fighter (Demonspawn Delver)            Turns: 21758, Time: 00:53:02

Health: -8/111     AC: 17    Str: 24    XL:     14   Next: 59%
Magic:  14/14      EV: 13    Int: 12    God:    Gozag
Gold:   4410       SH: 15    Dex: 15    Spells: 13/13 levels left

rFire   + + .      SeeInvis .   a - +7 falchion "Fazxu" {venom, +Blink rF+ rC+ Dex-5}
rCold   + . .      Faith    .   L - +0 kite shield
rNeg    . . .      Spirit   .   R - +0 scale mail {rF+}
rPois   +          Reflect  .   J - +0 helmet
rElec   .          Harm     .   K - +1 cloak {rPois}
rCorr   .          Rampage  .   (gloves unavailable)
Will    ++...                   j - +0 pair of boots
Stlth   +.........              x - amulet of regeneration
HPRegen 1.28/turn               w - +6 ring of dexterity
MPRegen 0.14/turn               U - +6 ring of strength

@: gold aura
A: claws 3, yellow scales 2, icemail 1, spiny 1, condensation shield, demonic
willpower, deformed body
a: Renounce Religion, Evoke Blink, Potion Petition, Call Merchant, Bribe Branch


You were on level 12 of the Dungeon.
You worshipped Gozag.
Gozag was most pleased with you.
You visited 3 branches of the dungeon, and saw 20 of its levels.

You collected 4520 gold pieces.
You spent 48 gold pieces at shops.
You paid 62 gold pieces to Gozag.

Inventory:

Hand Weapons
 a - the +7 falchion "Fazxu" (weapon) {venom, +Blink rF+ rC+ Dex-5}
   (You found it on level 8 of the Dungeon)

   It poisons the flesh of those it strikes.
   Dex:       It affects your dexterity (-5).
   rF:        It protects you from fire.
   rC:        It protects you from cold.
   +Blink:    It lets you blink.
 b - a +2 vampiric war axe
Missiles
 e - 5 datura-tipped darts
 q - 4 boomerangs (quivered)
 z - 9 poisoned darts
 C - 3 atropa-tipped darts
 E - a curare-tipped dart
 G - 5 javelins
Armour
 j - a +0 pair of boots (worn)
 J - a +0 helmet (worn)
 K - a +1 cloak of poison resistance (worn)
 L - a +0 kite shield (worn)
 R - a +0 scale mail of fire resistance (worn)
Jewellery
 w - a +6 ring of dexterity (left claw)
 x - an amulet of regeneration (around neck)
 Q - an amulet of the acrobat
 U - a +6 ring of strength (right claw)
Wands
 g - a wand of digging (9)
 l - a wand of polymorph (8)
 v - a wand of flame (16)
 y - a wand of charming (34)
 O - a wand of iceblast (1)
 W - a wand of paralysis (16)
 Z - a wand of acid (3)
Scrolls
 c - 4 scrolls of fog
 d - 3 scrolls of magic mapping
 f - 4 scrolls of vulnerability {unknown}
 h - 4 scrolls of amnesia {unknown}
 m - 6 scrolls of noise {unknown}
 n - a scroll of holy word {unknown}
 o - 3 scrolls of acquirement {unknown}
 r - 3 scrolls of immolation {unknown}
 t - 2 scrolls of brand weapon {unknown}
 A - 7 scrolls of teleportation
 B - a scroll of silence {unknown}
 P - 3 scrolls of enchant weapon {unknown}
 Y - a scroll of summoning {unknown}
Potions
 k - 2 potions of invisibility
 p - a potion of berserk rage
 s - 5 potions of flight
 u - 3 potions of ambrosia
 F - a potion of mutation
 H - 8 potions of curing
 I - 2 potions of haste
 N - 3 potions of might
 S - 3 potions of attraction
 T - 2 potions of heal wounds
 V - 2 potions of resistance {unknown}
 X - a potion of lignification
Miscellaneous
 i - a lightning rod (4/4)
 D - a condenser vane
 M - a phantom mirror


   Skills:
 + Level 10.7 Fighting
 + Level 7.4 Long Blades
 - Level 5.7 Axes
 + Level 9.2 Throwing
 + Level 9.4 Armour
 + Level 9.6 Dodging
 - Level 4.5 Stealth
 + Level 9.2 Shields
 + Level 9.5 Evocations


You had 13 spell levels left.
You didn't know any spells.
Your spell library contained the following spells:

 Spells                   Type           Power      Damage    Failure   Level
 Foxfire                  Conj/Fire      0%         2x1d4     83%         1
 Slow                     Hex            0%         N/A       83%         1
 Ensorcelled Hibernation  Hex/Ice        0%         N/A       92%         2
 Passwall                 Tmut/Erth      0%         N/A       92%         2
 Static Discharge         Conj/Air       0%         N/A       92%         2
 Confusing Touch          Hex            0%         N/A       99%         3
 Conjure Flame            Conj/Fire      0%         6-21      99%         3
 Dazzling Flash           Conj/Hex       0%         N/A       99%         3
 Gell's Gravitas          Tloc           0%         N/A       99%         3
 Inner Flame              Hex/Fire       0%         N/A       99%         3
 Portal Projectile        Hex/Tloc       0%         N/A       99%         3
 Spider Form              Tmut/Pois      0%         N/A       99%         3
 Swiftness                Air            0%         N/A       99%         3
 Teleport Other           Tloc           0%         N/A       99%         3
 Tukima's Dance           Hex            0%         N/A       99%         3
 Vampiric Draining        Necr           0%         2d6       99%         3
 Animate Dead             Necr           0%         N/A       100%        4
 Dispel Undead            Necr           0%         3d6       100%        4
 Flame Wave               Conj/Fire      0%         3d3       100%        4
 Fulminant Prism          Conj/Hex       0%         3d6       100%        4
 Hailstorm                Conj/Ice       0%         3d3       100%        4
 Ice Form                 Ice/Tmut       0%         N/A       100%        4
 Iskenderun's Mystic Bla  Conj/Tloc      0%         2d3       100%        4
 Sticky Flame             Conj/Fire      0%         2d3       100%        4
 Summon Ice Beast         Ice/Summ       0%         N/A       100%        4
 Blade Hands              Tmut           0%         N/A       100%        5
 Excruciating Wounds      Necr           0%         N/A       100%        5
 Lee's Rapid Deconstruct  Erth           0%         3d5*      100%        5
 Summon Mana Viper        Hex/Summ       0%         N/A       100%        5
 Dispersal                Tloc           0%         N/A       100%        6
 Invisibility             Hex            0%         N/A       100%        6
 Simulacrum               Ice/Necr       0%         N/A       100%        6
 Starburst                Conj/Fire      0%         6d3       100%        6
 Haunt                    Necr/Summ      0%         N/A       100%        7
 Monstrous Menagerie      Summ           0%         N/A       100%        7
 Infestation              Necr           0%         N/A       100%        8


Dungeon Overview and Level Annotations

Branches:
Dungeon (13/15)            Temple (1/1) D:6            Lair (6/6) D:9
 Shoals (0/4) Lair:4       Spider (0/4) Lair:2        Slime (0/5) Lair:5
    Orc (0/2) D:12
 Vaults: D:13-14

Altars:
Ashenzari
Fedhas
Gozag
Kikubaaqudgha
Nemelex Xobeh
Okawaru
Qazlal
Ru
Trog
Vehumet
Wu Jian
Xom
Yredelemnul
The Shining One
Jiyva

Shops:
D:3 !   D:4 [   D:9 =   D:12 [(:


Innate Abilities, Weirdness & Mutations

You have claws for hands.
You are mostly covered in yellow scales. (AC +3)
A meltable icy envelope protects you from harm. (AC +4)
You are partially covered in sharp spines.
A meltable shield of frost defends you. (SH +4)
You punish those that try to bend your will. (Will+)
Armour fits poorly on your strangely shaped body.


Message History

The two-headed ogre hits you with a +0 giant club.
The two-headed ogre closely misses you.
You closely miss the vault guard.
The vault guard is severely wounded.
You block the vault guard's attack. You block the two-headed ogre's attack.
The two-headed ogre closely misses you.
You hit the vault guard but do no damage.
The vault guard looks as sick as possible!
The vault guard is severely wounded.
You block the vault guard's attack.
You hit the vault guard but do no damage.
The vault guard looks as sick as possible!
The vault guard is severely wounded.
The two-headed ogre is struck by your spines.
The two-headed ogre hits you with a +0 giant club!
* * * LOW HITPOINT WARNING * * *
The two-headed ogre hits you with a +0 giant club.
* * * LOW HITPOINT WARNING * * *
You block the vault guard's attack.
You hit the vault guard.
The vault guard looks as sick as possible!
The vault guard is almost dead.
The vault guard is struck by your spines.
The vault guard hits you with a +0 great mace!
* * * LOW HITPOINT WARNING * * *
The two-headed ogre barely misses you.
The two-headed ogre hits you with a +0 giant club!
* * * LOW HITPOINT WARNING * * *
You barely miss the vault guard.
The vault guard is almost dead.
You kill the vault guard!
You block the two-headed ogre's attack. The two-headed ogre barely misses you.
You slash the two-headed ogre!
The two-headed ogre is poisoned.
The two-headed ogre is heavily wounded.
You block the two-headed ogre's attack. x2
You hit the two-headed ogre.
The two-headed ogre is severely wounded.
The two-headed ogre hits you with a +0 giant club!!
You die...
Your body crumbles into a pile of gold.

#####.##.##....#...# #.#.#.
....#.#.....#..#...# #.#.#.
###.#.#..####.##...#########.#.#.
....#.#..#.........).......#.....
#####.#..#.###.#.#########.###.##
......#..#.# #...# #.# #...
##.....###.# ##..# #.# ####
...........####.O# #.#
..<............$@# #.#
.......########### #.# ..∩....#
#.# .......# #.# ..>....# #.#
.......# #.# .#.....# #.#
.####### #.# .# #.#


You could see a two-headed ogre (very poisoned).

Vanquished Creatures
  2 dire elephants (Lair:6)
  10 hydras
  2 vault guards
  Fannar (Lair:2)
  A boulder beetle (D:12)
  8 two-headed ogres
  3 centaur warriors
  A tengu warrior (D:9)
  A death yak (Lair:6)
  Urug (Lair:1)
  A spectral anaconda (Lair:6)
  A skeletal warrior (D:12)
  2 spectral death yaks (Lair:6)
  An obsidian statue (Lair:6)
  A wizard (D:10)
  3 necromancers (Lair:6)
  3 deep elf pyromancers
  A lindwurm (Lair:4)
  2 manticores
  A cyclops (D:11)
  3 ugly things
  2 centaur zombies (D:11)
  4 elephants (Lair:6)
  6 black mambas
  Maurice (D:13)
  11 cane toads
  5 rime drakes
  9 komodo dragons
  A freezing wraith (D:9)
  A tengu conjurer (D:10)
  2 kobold demonologists (D:11)
  A meliai (D:13)
  A polar bear (Lair:4)
  A troll (D:12)
  A wind drake (Lair:4)
  26 blink frogs
  2 spectral elephants (Lair:6)
  2 hornets
  Prince Ribbit (Lair:3)
  A spriggan (Lair:4)
  A shadow (D:11)
  A wraith (D:11)
  A wyvern (shapeshifter) (D:10)
  3 wyverns
  Grum (Lair:1)
  25 yaks
  3 basilisks
  4 steam dragons
  9 vampire mosquitoes
  Menkaure (D:7)
  A death yak simulacrum (Lair:6)
  4 wargs (D:12)
  14 water moccasins
  4 orc warriors
  6 sky beasts
  8 black bears
  2 necrophages
  3 ogres
  7 wolves
  3 elephant zombies (Lair:6)
  11 centaurs
  3 elephant skeletons (Lair:6)
  3 kobold brigands
  Blork the orc (D:4)
  13 bullfrogs
  2 gnoll sergeants
  4 scorpions
  A water moccasin zombie (D:5)
  A cane toad simulacrum (Lair:6)
  A water moccasin skeleton (D:6)
  An elephant simulacrum (Lair:6)
  8 wights
  4 electric eels
  3 howler monkeys
  A bullfrog zombie (D:3)
  3 jellies
  11 orc priests
  A bullfrog skeleton (D:4)
  4 hounds
  2 centaur skeletons
  Crazy Yiuf (D:6)
  4 iguanas
  Natasha (thrice) (D:3)
  12 orc wizards
  A howler monkey zombie (D:8)
  A howler monkey skeleton (D:4)
  12 gnolls
  6 adders
  2 ufetubi
  2 dart slugs (D:4)
  39 orcs
  2 endoplasms (D:2)
  4 giant cockroaches
  4 goblins
  3 hobgoblins
  3 jackals (D:1)
  A quokka (D:4)
  3 ball pythons
  4 bats (D:2)
  A frilled lizard (D:1)
  8 kobolds
  6 rats
428 creatures vanquished.

Vanquished Creatures (others)
  An adder (D:6)
  21 fungi
  90 plants
  11 withered plants (Lair:6)
123 creatures vanquished.

Grand Total: 551 creatures vanquished

Notes
Turn   | Place    | Note
-------+----------+-------------------------------------------
     0 | D:5      | flotson the Demonspawn Delver began the quest for the Orb.
     0 | D:5      | Reached XP level 1. HP: 18/18 MP: 1/1
    14 | D:5      | Noticed a sky beast
   120 | D:4      | Reached skill level 1 in Armour
   120 | D:4      | Gained mutation: You have sharp fingernails. [demonic
                  | ancestry]
   120 | D:4      | Reached XP level 2. HP: 4/24 MP: 2/2
   393 | D:4      | Gained mutation: A meltable shield of frost defends you.
                  | (SH +4) [demonic ancestry]
   393 | D:4      | Reached XP level 3. HP: 29/29 MP: 3/3
   553 | D:3      | Gained mutation: You have very sharp fingernails. [demonic
                  | ancestry]
   553 | D:3      | Reached XP level 4. HP: 8/36 MP: 4/4
  1598 | D:2      | Found a faded altar of an unknown god.
  1956 | D:3      | Found Zoriutip's Distillery.
  1959 | D:3      | Bought a potion of degeneration for 12 gold pieces
  1959 | D:3      | Bought a potion of lignification for 36 gold pieces
  2255 | D:3      | Gained mutation: You are partially covered in sharp spines.
                  | [demonic ancestry]
  2255 | D:3      | Reached XP level 5. HP: 42/42 MP: 5/5
  2295 | D:3      | Reached skill level 1 in Shields
  2667 | D:3      | Reached skill level 4 in Fighting
  3360 | D:4      | Noticed a necrophage
  3360 | D:4      | Noticed an ogre
  3456 | D:4      | Gained mutation: A meltable icy envelope protects you from
                  | harm. (AC +4) [demonic ancestry]
  3456 | D:4      | Reached XP level 6. HP: 14/48 MP: 6/6
  3695 | D:4      | Noticed Blork the orc
  3808 | D:4      | Noticed Natasha
  3824 | D:4      | Found Watusi's Antique Armour Shoppe.
  3846 | D:3      | Killed Natasha
  3931 | D:3      | Found Zoriutip's Distillery.
  3949 | D:3      | Noticed Natasha
  3957 | D:3      | Killed Natasha
  4023 | D:3      | Noticed Natasha
  4107 | D:3      | Killed Natasha
  4108 | D:3      | Reached skill level 1 in Throwing
  5145 | D:4      | Reached XP level 7. HP: 39/55 MP: 7/7
  5201 | D:4      | Killed Blork the orc
  5760 | D:5      | Reached skill level 1 in Evocations
  5796 | D:4      | Gained mutation: You are partially covered in yellow
                  | scales. (AC +2) [demonic ancestry]
  5796 | D:4      | Reached XP level 8. HP: 50/61 MP: 8/8
  5831 | D:5      | Reached skill level 5 in Fighting
  6057 | D:5      | Gained mutation: You are mostly covered in yellow scales.
                  | (AC +3) [demonic ancestry]
  6057 | D:5      | Reached XP level 9. HP: 60/69 MP: 9/9
  6653 | D:6      | Identified the +0 robe "Xoceuw" {rCorr MP+9 Str+3 Slay-5}
  6683 | D:6      | Reached skill level 6 in Fighting
  6684 | D:6      | Reached skill level 5 in Axes
  6787 | D:6      | Reached skill level 5 in Dodging
  7242 | D:6      | Found a staircase to the Ecumenical Temple.
  7251 | Temple   | Entered the Ecumenical Temple
  7259 | Temple   | Became a worshipper of Gozag Ym Sagoz the Greedy
  7427 | D:6      | Found a runed translucent door.
  7428 | D:6      | Noticed Crazy Yiuf
  7614 | D:6      | Killed Crazy Yiuf
  8015 | D:7      | Reached skill level 5 in Armour
  8315 | D:7      | Gained mutation: You punish those that try to bend your
                  | will. (Will+) [demonic ancestry]
  8315 | D:7      | Reached XP level 10. HP: 77/77 MP: 10/10
  8368 | D:7      | Noticed Menkaure
  8604 | D:7      | Killed Menkaure
  8764 | D:8      | Noticed a two-headed ogre
  8907 | D:8      | Reached skill level 5 in Shields
  8943 | D:8      | Identified the +7 falchion "Fazxu" {venom, +Blink rF+ rC+
                  | Dex-5}
  9227 | D:8      | Killed a two-headed ogre
  9228 | D:8      | Reached skill level 1 in Long Blades
  9228 | D:8      | Reached skill level 5 in Throwing
  9357 | D:8      | Reached skill level 5 in Evocations
  9368 | D:8      | Reached skill level 7 in Fighting
  9418 | D:8      | Noticed a two-headed ogre
  9563 | D:8      | Killed a two-headed ogre
  9606 | D:8      | Identified the +0 robe of the Lotus Blossom {Harm Will++}
  9854 | D:9      | Noticed a two-headed ogre
  9865 | D:9      | Killed a two-headed ogre
  9866 | D:9      | Gained mutation: You have claws for hands. [demonic
                  | ancestry]
  9866 | D:9      | Reached XP level 11. HP: 62/84 MP: 9/11
 10038 | D:9      | Found Ruthrijic's Jewellery Emporium.
 10087 | D:9      | Noticed a two-headed ogre
 10095 | D:9      | Killed a two-headed ogre
 10628 | D:9      | Noticed a two-headed ogre
 10658 | D:9      | Killed a two-headed ogre
 10760 | D:9      | Found a staircase to the Lair.
 11036 | D:10     | Entered Level 10 of the Dungeon
 11060 | D:10     | Noticed a cyan ugly thing
 11078 | D:10     | Killed a cyan ugly thing
 11102 | D:10     | Found an ornate altar of the Wu Jian Council.
 11145 | D:10     | Noticed a centaur warrior
 11145 | D:10     | Noticed a wizard
 11145 | D:10     | Noticed a deep elf pyromancer
 11154 | D:10     | Killed a wizard
 11157 | D:10     | Noticed a deep elf pyromancer
 11162 | D:10     | Killed a centaur warrior
 11168 | D:10     | Killed a deep elf pyromancer
 11169 | D:10     | Reached skill level 8 in Fighting
 11178 | D:10     | Killed a deep elf pyromancer
 11211 | D:10     | Noticed a seven-headed hydra
 11235 | D:10     | Noticed a purple ugly thing
 11269 | D:9      | Killed a seven-headed hydra
 11387 | D:10     | Noticed a tengu warrior
 11437 | D:9      | Killed a purple ugly thing
 11504 | D:9      | Killed a tengu warrior
 12076 | Lair:1   | Entered Level 1 of the Lair of Beasts
 12078 | Lair:1   | Noticed a six-headed hydra
 12120 | D:9      | Killed a six-headed hydra
 12121 | D:9      | Reached XP level 12. HP: 94/94 MP: 10/12
 12454 | Lair:1   | Noticed Grum
 12490 | Lair:1   | Killed Grum
 12630 | Lair:1   | Noticed Urug
 12670 | Lair:1   | Killed Urug
 13220 | Lair:2   | Noticed an eight-headed hydra
 13220 | Lair:2   | Noticed a five-headed hydra
 13563 | Lair:2   | Noticed Fannar
 13580 | Lair:2   | Killed Fannar
 13581 | Lair:2   | Reached skill level 5 in Long Blades
 13671 | Lair:2   | Killed an eight-headed hydra
 13672 | Lair:2   | Reached skill level 9 in Fighting
 13718 | Lair:2   | Killed a five-headed hydra
 13834 | Lair:2   | Found a hole to the Spider Nest.
 14163 | Lair:2   | Noticed an eight-headed hydra
 14194 | Lair:2   | Killed an eight-headed hydra
 14530 | Lair:3   | Noticed a four-headed hydra
 14556 | Lair:3   | Killed a four-headed hydra
 14587 | Lair:3   | Reached XP level 13. HP: 98/101 MP: 13/13
 14840 | Lair:3   | Noticed Prince Ribbit
 14850 | Lair:3   | Killed Prince Ribbit
 15963 | Lair:4   | Found a staircase to the Shoals.
 16393 | Lair:5   | Found a staircase to the Slime Pits.
 16393 | Lair:5   | Found a viscous altar of Jiyva.
 17436 | Lair:6   | Entered Level 6 of the Lair of Beasts
 17731 | Lair:6   | Reached skill level 10 in Fighting
 18190 | Lair:6   | Noticed a dire elephant
 18190 | Lair:6   | Noticed a dire elephant
 18631 | Lair:6   | Reached XP level 14. HP: 99/110 MP: 14/14
 19073 | Lair:6   | Gained mutation: Armour fits poorly on your strangely
                  | shaped body. [a neqoxec]
 19351 | Lair:6   | Upgraded the game from 0.28-a0-730-g892d06dc2c to
                  | 0.28-a0-750-g7c675f85b1
 20301 | D:12     | Found Qeuntob's Antique Weapon Emporium.
 20330 | D:12     | Found Huuptak's Armour Emporium.
 20395 | D:12     | Found a staircase to the Orcish Mines.
 20710 | D:12     | Found Qesumi's Book Emporium.
 21520 | D:13     | Noticed Maurice
 21536 | D:13     | Killed Maurice
 21758 | D:12     | Mangled by a two-headed ogre

Illustrated notes

Levels and vault maps discovered:
D:1:      saegor_arrival_miasma, layout_rooms, chequers_mini_garden
D:2:      layout_rooms, basic_ecumenical_altar, kennysheep_another_room,
          kennysheep_nondescript
D:3:      layout_basic, serial_shops, nicolae_shop_window_shopping
D:4:      layout_basic, serial_shops, nicolae_shop_behind_doors, serial_bayou,
          serial_bayou_lake_a, serial_bayou_pond_c, serial_bayou_lagoon_a,
          serial_bayou_shore_a, uniq_blork_the_orc, uniq_natasha
D:5:      layout_cave_pools, kennysheep_generic_room_4
D:6:      layout_rooms, lemuel_temple_firewalk_a, dk_vineyard_3,
          skrybe_limestone_x, uniq_crazy_yiuf_cottage
D:7:      layout_basic, kennysheep_big_empty_room, minmay_misc_feat_tower,
          serial_bayou_crossing, uniq_menkaure
D:8:      minmay_clustersquares, layout_loops_ring
D:9:      minmay_goldmine, layout_long_grid, erik_lair_dragon, serial_shops,
          nicolae_square_shop, st_stairs_7, kennysheep_generic_room_9
D:10:     layout_basic, nzn_wu_jian_contemplation, minivault_28
D:11:     layout_gridville, kennysheep_opposing_triangles
D:12:     layout_basic, minmay_orc_entry_guard_dogs, serial_shops,
          nicolae_square_shop, kennysheep_mini_moat, nicolae_stop_n_shop_2
D:13:     layout_layer_cave, lightli_vaults_fourway_checkpoint,
          minmay_misc_feat_four_crosses, water_maze_lemuel, uniq_maurice,
          uniq_kirke
Temple:   dpeg_three_leaves_temple
Lair:1:   layout_cave_pods, infiniplex_staircase_pool, lemuel_fruit_tree,
          uniq_grum, uniq_urug
Lair:2:   cheibrodos_lair_river_kwai, layout_chaotic_city,
          spider_nest_entry_web_field, beast_lair_carwin_4, uniq_fannar
Lair:3:   layout_regular_city, serial_bayou_shore_b, serial_bayou_shore_b,
          grunt_megastairs_2, uniq_prince_ribbit2
Lair:4:   layout_long_grid, minmay_shoals_entry_beasts, forest_entry_grove
Lair:5:   layout_cave_pods, slime_altar_1
Lair:6:   due_jungle_book, layout_regular_city, serial_bayou_shore_b,
          infiniplex_staircase_pool_2

Skill      XL: |  1  2  3  4  5  6  7  8  9 10 11 12 13 14 |
---------------+-------------------------------------------+-----
Axes           | 2 3 4 5 |  5.7
Armour         | 1 2 3 4 5 6 7 8 9 |  9.4
Dodging        | 2 3 4 5 6 7 8 9 |  9.6
Shields        | 1 2 3 4 5 6 7 8 9 |  9.2
Fighting       | 4 5 6 7 8 9 10 | 10.7
Throwing       | 1 2 3 4 5 6 7 8 9 |  9.2
Evocations     | 1 2 4 5 6 7 8 9 |  9.5
Long Blades    | 2 4 5 6 7 |  7.4
Stealth        | |  4.5

Action                   |  1- 3 |  4- 6 |  7- 9 | 10-12 | 13-15 || total
-------------------------+-------+-------+-------+-------+-------++-------
Melee: Hand axe          |    38 |    55 |       |       |       ||    93
       Spear             |       |    56 |       |       |       ||    56
       Trident           |       |    68 |       |       |       ||    68
       Whip              |       |    53 |    31 |    25 |       ||   109
       Long sword        |       |       |   193 |    48 |       ||   241
       Falchion          |       |       |       |   446 |   787 ||  1233
       War axe           |       |       |       |       |     5 ||     5
 Fire: Hand crossbow     |       |       |    38 |       |       ||    38
Throw: Boomerang         |       |    10 |     9 |   153 |    57 ||   229
       Javelin           |       |       |     2 |     2 |       ||     4
 Abil: Evoke Blink       |       |       |       |    36 |    18 ||    54
Evoke: Wand              |       |       |     4 |     8 |     9 ||    21
  Use: Potion            |     1 |     2 |       |       |     1 ||     4
       Scroll            |       |     1 |       |     1 |    10 ||    12
 Stab: Sleeping          |       |     5 |     1 |     1 |       ||     7
       Distracted        |       |     1 |     1 |     1 |     6 ||     9
Armor: Leather armour    |    11 |    14 |       |       |       ||    25
       Ring mail         |       |    41 |   117 |    55 |       ||   213
       Skin              |       |    36 |       |       |       ||    36
       Scale mail        |       |       |       |   225 |   300 ||   525
Dodge: Dodged            |    22 |    59 |   111 |   251 |   424 ||   867
Block: Other             |     6 |     1 |       |       |       ||     7
       Kite shield       |       |   132 |   191 |   464 |   696 ||  1483

Table legend: (Time is in decaauts)
 A = Elapsed time spent in this place.
 B = Non-inter-level travel time spent in this place.
 C = Inter-level travel time spent in this place.
 D = Time resting spent in this place.
 E = Time spent auto-exploring this place.
 F = Levels seen in this place.
 G = Mean time per level.
                   A        B        C        D        E       F      G
               +--------+--------+--------+--------+--------+-----+--------+
         Total |  22423 |  20747 |   1676 |   1311 |  13954 |  20 | 1121.2 |
       Dungeon |  14869 |  13768 |   1101 |   1305 |   8876 |  13 | 1143.8 |
        Temple |     16 |      8 |      8 |      0 |      0 |   1 |   16.0 |
          Lair |   7537 |   6970 |    567 |      5 |   5077 |   6 | 1256.2 |
               +--------+--------+--------+--------+--------+-----+--------+

Top non-repeatable levels by time:
     D:3: 2802 daAuts
  Lair:6: 1973 daAuts
     D:4: 1870 daAuts
     D:9: 1766 daAuts
     D:7: 1211 daAuts
  Lair:1: 1204 daAuts
  Lair:2: 1188 daAuts
  Lair:5: 1081 daAuts
    D:12: 1069 daAuts
     D:6: 1061 daAuts
  Lair:4: 1054 daAuts
  Lair:3: 1034 daAuts
    D:10: 1011 daAuts
     D:2: 953 daAuts
     D:8: 947 daAuts
